 Dungeon Sprint DCSS version 0.21.1-1-g345015f (webtiles) character file.

214 wilfster70 the Shield-Bearer (level 5, 0/52 HPs)
             Began as a Deep Dwarf Fighter on Mar 2, 2018.
             Slain by a neqoxec (1 damage)
             ... in the Dungeon (Sprint II: "The Violet Keep of Menkaure").
             The game lasted 00:00:53 (85 turns).

wilfster70 the Shield-Bearer (Deep Dwarf Fighter)     Turns: 85, Time: 00:00:53

Health: 0/52       AC:  4    Str: 19      XL:     5   Next: 60%
Magic:  4/4        EV: 10    Int:  5 (9)  God:
Gold:   243        SH: 10    Dex: 13      Spells: 4/4 levels left

rFire    . . .     SeeInvis .   a - +0 war axe
rCold    . . .     Gourm    .   c - +0 shield
rNeg     . . .     Faith    .   b - +0 scale mail
rPois    .         Spirit   .   (no helmet)
rElec    .         Reflect  .   (no cloak)
rCorr    .         Harm     .   (no gloves)
MR       .....     NoTele   +   (no boots)
Stlth    ..........             (no amulet)
HPRegen  0.00/turn              (no ring)
MPRegen  0.09/turn              (no ring)

@: non-regenerating, slowed, lost intelligence, very slow
A: damage resistance, heal wounds, deformed body, sense surroundings 1, no
regeneration
a: Heal Wounds


You were in the Dungeon.
You were not hungry.

You visited 1 branch You collected 243 gold pieces.

Inventory:

Hand Weapons
 a - a +0 war axe (weapon)
Armour
 b - a +0 scale mail (worn)
 c - a +0 shield (worn)
Scrolls
 k - a scroll of blinking
Potions
 d - a potion of might
 e - a potion of curing
 g - a potion of heal wounds
 h - a potion of haste
 i - 2 potions of magic
 j - a potion of berserk rage
Comestibles
 f - a ration
 l - 3 chunks of flesh


   Skills:
 + Level 5.5 Fighting
 + Level 6.2 Axes
 + Level 6.7 Armour
 + Level 4.7 Dodging
 + Level 6.7 Shields


You had 4 spell levels left.
You didn't know any spells.

Dungeon Overview and Level Annotations

Branches:
Dungeon (1/1)

Altars:


Innate Abilities, Weirdness & Mutations

You are resistant to damage.
You can heal yourself by infusing magical energy.
You passively map a small area around you.
You do not regenerate.
Armour fits poorly on your strangely shaped body.


Message History

Unknown command.
You slash the neqoxec!
You kill the neqoxec!
You feel your intelligence returning.
Your Fighting skill increases to level 5!
Your Axes skill gained 2 levels and is now at level 6!
Your Armour skill increases to level 6!
Your Dodging skill increases to level 4!
Your Shields skill increases to level 6!
You have reached level 5!
The neqoxec gestures at you.
You feel dopey. Something feeds on your intellect!
The neqoxec gestures. x2
You block the neqoxec's attack.
You hit the neqoxec.
The neqoxec is lightly wounded.
The neqoxec gestures.
The neqoxec hits you.
You die... * ≈ ≈ + * , * , ≈ ### ## ,+ ∩ ≈ 55##5 , , ≈≈ 335

### , ,
#3###.#*
, ,
##@##..##
, *
+.<.'##.+
** ,
##.##..##
* ,
#+###.#*
≈ ,,**###
, + * ≈≈
,* ≈≈ ≈ ≈
≈≈ ≈ * ≈
≈≈ ≈ ≈≈


You could see 3 neqoxecs, 2 quasits, a shadow imp and an ufetubus.

Vanquished Creatures
  A neqoxec (D)
  4 worker ants (D)
5 creatures vanquished.

Vanquished Creatures (others)
  A crocodile (D)
1 creature vanquished.

Grand Total: 6 creatures vanquished

Notes
Turn   | Place    | Note
-------+----------+-------------------------------------------
     0 | D        | wilfster70 the Deep Dwarf Fighter began the quest for the Orb.
     0 | D        | Reached XP level 1. HP: 20/20 MP: 1/1
     1 | D        | Noticed a worker ant
     1 | D        | Noticed a worker ant
     1 | D        | Noticed a worker ant
     1 | D        | Noticed a worker ant
    10 | D        | Killed a worker ant
    10 | D        | Reached XP level 2. HP: 21/30 MP: 2/2
    15 | D        | Killed a crocodile
    32 | D        | Reached skill level 1 in Dodging
    32 | D        | Reached XP level 3. HP: 31/36 MP: 3/3
    36 | D        | Reached skill level 5 in Armour
    36 | D        | Reached skill level 5 in Shields
    36 | D        | Reached XP level 4. HP: 38/44 MP: 4/4
    65 | D        | Noticed a neqoxec
    65 | D        | Noticed a neqoxec
    65 | D        | Noticed a neqoxec
    65 | D        | Noticed a neqoxec
    65 | D        | Gained mutation: Armour fits poorly on your strangely shaped body. [a neqoxec]
    81 | D        | Lost intelligence.
    83 | D        | HP: 1/45 [neqoxec (9)]
    84 | D        | Killed a neqoxec
    84 | D        | Reached skill level 5 in Fighting
    84 | D        | Reached XP level 5. HP: 1/52 MP: 4/4
    85 | D        | Slain by a neqoxec

Skill      XL: |  1  2  3  4 |
---------------+-------------+-----
Fighting       | 3 4 5 |  5.5
Axes           | 3 4 6 |  6.2
Armour         | 4 5 6 |  6.7
Shields        | 4 5 6 |  6.7
Dodging        | 1 2 4 |  4.7

Action                   |  1- 3 |  4- 6 || total
-------------------------+-------+-------++-------
Melee: War axe           |    32 |    29 ||    61
 Abil: Heal Wounds       |     1 |     1 ||     2
Armor: Scale mail        |     9 |     5 ||    14
Dodge: Dodged            |    11 |     9 ||    20
Block: Shield            |    17 |     8 ||    25
